 Dungeon Crawl Stone Soup version 0.19-a0-585-ge40200b (webtiles) character file.

44 shmeve the Skirmisher (level 3, 0/29 HPs)
             Began as a Vampire Berserker on June 10, 2016.
             Was a Follower of Trog.
             Succumbed to an adder's poison
             ... on level 2 of the Dungeon.
             The game lasted 00:02:15 (1106 turns).

shmeve the Skirmisher (Vampire Berserker)           Turns: 1106, Time: 00:02:15

Health: 0/29       AC:  2    Str: 17    XL:     3   Next: 39%
Magic:  3/3        EV: 12    Int:  9    God:    Trog [*.....]
Gold:   30         SH:  0    Dex: 13    Spells: 0 memorised, 2 levels left

rFire  . . .     SeeInvis +     a - +0 hand axe
rCold  . . .     Gourm    .     b - +0 animal skin
rNeg   . . .     Faith    .     (no shield)
rPois  .         Spirit   .     (no helmet)
rElec  .         Dismiss  .     (no cloak)
rCorr  .         Reflect  .     (no gloves)
SustAt .         Harm     .     (no boots)
MR     .....                    (no amulet)
Stlth  +.........               (no ring)
                                (no ring)

@: lethally poisoned (0 -> 0), exhausted, regenerating very quickly, slowed,
very slow, not resistant to hostile enchantments, very unstealthy
A: fangs 3, see invisible, unbreathing
a: Berserk, Burn Spellbooks, Renounce Religion


You were on level 2 of the Dungeon.
You worshipped Trog.
Trog was aware of your devotion.
You were almost alive.

You visited 1 branch of the dungeon, and saw 2 of its levels.

You collected 30 gold pieces.

Inventory:

Hand Weapons
 a - a +0 hand axe (weapon)
Armour
 b - a +0 animal skin (worn)
Scrolls
 d - a scroll of identify {unknown}
 e - 3 scrolls of amnesia {unknown}
 j - a scroll of remove curse {unknown}
Potions
 c - a potion of blood
 f - a potion of magic {unknown}
 g - 2 potions of curing {unknown}
 h - a potion of agility {unknown}
 i - a potion of haste {unknown}
 k - a potion of brilliance {unknown}
 l - a potion of degeneration {unknown}


   Skills:
 * Level 3.3 Fighting
 * Level 3.3 Axes
 + Level 1.7 Armour
 + Level 2.3 Dodging


You had 2 spell levels left.
You didn't know any spells.

Dungeon Overview and Level Annotations

Branches:
Dungeon (2/15)

Altars:


Innate Abilities, Weirdness & Mutations

Your natural rate of healing is extremely fast.
You have razor-sharp teeth.
You have supernaturally acute eyesight. (SInv)
You can survive without breathing.


Message History

A giant cockroach comes into view.
Unknown command.
You feel your anger subside.
You are no longer berserk.
You are exhausted.
You feel yourself slow down.
* * * LOW HITPOINT WARNING * * *
You feel sick.
Things that are here:
an adder corpse; a hobgoblin corpse Drink blood from an adder corpse? (ye/n/q/i?) This blood tastes delicious!
You feel quite a bit more full.
You stop draining the corpse.
All the blood oozes out of the corpse!
* * * LOW HITPOINT WARNING * * *
You feel sick.
Drink blood from a hobgoblin corpse? (ye/n/q/i?) This warm blood tastes delicious!
You feel somewhat more full.
You continue drinking.
You can't stomach any more blood right now.
You stop draining the corpse.
All the blood oozes out of the corpse!
You die...

#..# #..###
#.... #... #..#
#..# ##
#..##....
#s.......
#@###.... #.#
#.# #.# #
########.#####.#
....(...........
######.##.#####
#.# .# #.# # #.#


You could see a giant cockroach.

Vanquished Creatures
  2 adders (D:2)
  6 goblins (D:1)
  4 hobgoblins
  3 jackals (D:1)
  A quokka (D:2)
  A ball python (D:1)
  A bat (D:1)
  2 giant newts (D:1)
  6 rats
26 creatures vanquished.

Notes
Turn   | Place    | Note
--------------------------------------------------------------
     0 | D:1      | shmeve the Vampire Berserker began the quest for the Orb.
     0 | D:1      | Reached XP level 1. HP: 17/17 MP: 1/1
   273 | D:1      | Reached XP level 2. HP: 12/24 MP: 2/2
  1086 | D:2      | Reached XP level 3. HP: 17/29 MP: 3/3
  1096 | D:2      | HP: 2/43 [quokka (3)]
  1102 | D:2      | HP: 1/29 [poisoned by an adder]
  1106 | D:2      | Succumbed to an adder's poison

Vault maps used:
D:1:      lemuel_arrival_funnel
D:2:      lemuel_crystal_altar, first_bread, minmay_newt_pond, uniq_jessica,
          uniq_robin

Skill      XL: |  1  2 |
---------------+-------+-----
Fighting       | 3 |  3.3
Axes           | 3 |  3.3
Armour         | |  1.7
Dodging        | |  2.3

Action                   || total
-------------------------++-------
Melee: Hand axe          ||    89
       Bite              ||     9
Invok: Berserk           ||     1
 Stab: Sleeping          ||     1
  Eat: Corpse            ||    13
Armor: Animal skin       ||     8
Dodge: Dodged            ||    60
